[Event "Titled Tuesday Blitz March 21 Late 2023"]
[White "Blomqvist, Erik"]
[Black "Lopez Perdomo, Juan David"]
[WhiteFideId "1709437"]
[BlackFideId "4405137"]
[WhiteElo "2436"]
[BlackElo "1965"]
[Result "1-0"]
[Round "01"]
[TimeControl "180+2"]
[Date "2023.03.21"]
[WhiteClock "0:00:25"]
[BlackClock "0:00:04"]

1. e4 e6 2. d4 d5 3. e5 c5 4. c3 Nc6 5. Nf3 f6 6. Bb5 Bd7 7. exf6 Nxf6 8. O-O Bd6 9. dxc5 Bxc5 10. c4 d4 11. Bg5 O-O 12. Nbd2 Qc7 13. a3 e5 14. Re1 Bg4 15. b4 Be7 16. Qb1 Bxf3 17. Nxf3 e4 18. Bxc6 bxc6 19. Nxd4 Ng4 20. g3 Bxg5 21. Qxe4 Nxf2 22. Qg2 Qd7 23. Ne6 Rf6 24. Nxg5 h6 25. Ne4 Nh3+ 26. Kh1 Rf7 27. Rad1 Re8 28. Rxd7 Nf2+ 29. Kg1 1-0


[Site "https://www.chess.com"]

[Event "Titled Tuesday Blitz March 21 Late 2023"]
[White "Elaisaz"]
[Black "Poliakova, Varvara"]
[BlackFideId "13518313"]
[WhiteElo "2209"]
[BlackElo "2075"]
[Result "0-1"]
[Round "01"]
[TimeControl "180+2"]
[Date "2023.03.21"]
[WhiteClock "0:01:30"]
[BlackClock "0:01:41"]

1. c4 e5 2. g3 Nf6 3. Nc3 d5 4. cxd5 Nxd5 5. Bg2 Nb6 6. d3 Nc6 7. Nf3 Be7 8. O-O O-O 9. Be3 Be6 10. Rc1 f6 11. a3 a5 12. b3 Bxa3 13. Rb1 Be7 14. Ne4 Nd5 15. Bc5 Bf7 16. Qc2 Ncb4 17. Qc1 b6 18. Bxe7 Qxe7 19. Nfd2 f5 20. Nc3 Rad8 21. Nc4 Qf6 22. Nb5 Rd7 23. Qb2 Re8 24. Rbc1 e4 25. Qd2 exd3 26. exd3 c6 27. Nba3 Rde7 28. Nc2 Re2 29. Qd1 Nxc2 30. Rxc2 Rxc2 31. Qxc2 Nb4 32. Nxb6 Nxc2 0-1


[Site "https://www.chess.com"]

[Event "Titled Tuesday Blitz March 21 Late 2023"]
[White "Marjanovic, Annamaria"]
[Black "Sailer, Mike"]
[WhiteFideId "750930"]
[BlackFideId "2012901"]
[WhiteElo "2212"]
[BlackElo "2109"]
[Result "1-0"]
[Round "01"]
[TimeControl "180+2"]
[Date "2023.03.21"]
[WhiteClock "0:00:31"]
[BlackClock "0:00:05"]

1. Nf3 d5 2. g3 Nf6 3. Bg2 Bf5 4. O-O e6 5. d3 Be7 6. Nbd2 h6 7. Re1 O-O 8. c3 c5 9. e4 Bh7 10. Qe2 Nc6 11. e5 Nd7 12. Nf1 b5 13. h4 b4 14. N1h2 a5 15. Bf4 a4 16. Ng4 a3 17. Red1 axb2 18. Qxb2 bxc3 19. Qxc3 Qa5 20. Qc1 Qa3 21. Qe3 d4 22. Qd2 Nb4 23. Bxh6 gxh6 24. Qxh6 Nxd3 25. Nf6+ Nxf6 26. exf6 Bxf6 27. Qxf6 Qb2 28. Ng5 Bg6 29. Be4 Rxa2 30. Rxa2 Qxa2 31. Bxg6 Qxf2+ 32. Qxf2 Nxf2 33. Bh7+ Kh8 34. Kxf2 f6 35. Nxe6 Ra8 36. Bd3 1-0


[Site "https://www.chess.com"]

[Event "Titled Tuesday Blitz March 21 Late 2023"]
[White "lisjakzlatko1"]
[Black "Cremisi, Daniel"]
[BlackFideId "2089882"]
[WhiteElo "2192"]
[BlackElo "2172"]
[Result "0-1"]
[Round "01"]
[TimeControl "180+2"]
[Date "2023.03.21"]
[WhiteClock "0:00:01"]
[BlackClock "0:02:06"]

1. e4 e6 2. d4 d5 3. e5 c5 4. c3 Nc6 5. Nf3 Qb6 6. Bd3 cxd4 7. cxd4 Bd7 8. O-O Nxd4 9. Nbd2 Nc6 10. Nb3 Nge7 11. Be3 Qc7 12. Rc1 Ng6 13. Re1 Ngxe5 14. Nxe5 Qxe5 15. Bxa7 Qxb2 16. Rc2 Qa3 17. Bc5 Bxc5 18. Nxc5 Nb4 19. Rce2 Nxd3 20. Nxe6 fxe6 21. Re3 O-O 22. Rxd3 Qxa2 23. Rd2 Qc4 24. h3 b5 25. Rc2 Qf4 26. Re3 Rac8 27. Rce2 d4 28. g3 Qf6 29. Rd3 Bc6 30. f4 Rcd8 31. Kh2 Qf5 32. Rxd4 Rxd4 33. Qxd4 Qd5 34. Qxd5 Bxd5 35. Rb2 Rb8 36. Rb4 Bc4 37. g4 Ra8 0-1


[Site "https://www.chess.com"]

[Event "Titled Tuesday Blitz March 21 Late 2023"]
[White "Ismagilov, Damir"]
[Black "salgadoLO"]
[WhiteFideId "34199982"]
[WhiteElo "2078"]
[BlackElo "2188"]
[Result "1-0"]
[Round "01"]
[TimeControl "180+2"]
[Date "2023.03.21"]
[WhiteClock "0:00:29"]
[BlackClock "0:00:02"]

1. d4 d5 2. Nf3 e6 3. Bg5 Be7 4. Bxe7 Qxe7 5. Nbd2 Nf6 6. e3 b6 7. c3 Bb7 8. Bd3 Nbd7 9. O-O O-O 10. a4 e5 11. dxe5 Nxe5 12. Nxe5 Qxe5 13. a5 Rfe8 14. Nf3 Qd6 15. a6 Bc6 16. Qc2 h6 17. Rad1 Qe7 18. Rfe1 Rad8 19. b4 Qd7 20. Nd4 Ba4 21. Nb3 c5 22. bxc5 bxc5 23. c4 Rb8 24. Nxc5 Bxc2 25. Nxd7 Bxd1 26. Nxb8 Ba4 27. Rb1 dxc4 28. Bxc4 Rc8 29. Be2 Ne4 30. h3 Nc3 31. Bg4 Rd8 32. Rc1 f5 33. Rxc3 fxg4 34. Nc6 Bxc6 35. Rxc6 gxh3 36. gxh3 Rd1+ 37. Kg2 Ra1 38. Kf3 Kh7 39. h4 Ra4 40. h5 Ra5 41. Kg4 Ra4+ 42. f4 Ra1 43. e4 Rg1+ 44. Kf5 Rh1 45. Rc7 Rxh5+ 46. Kg4 Ra5 47. Rxa7 Ra4 48. e5 Kg6 49. Ra8 h5+ 50. Kg3 Ra3+ 51. Kh4 Ra4 52. a7 Rxf4+ 53. Kh3 Ra4 54. e6 Ra6 55. e7 Ra3+ 56. Kg2 1-0


[Site "https://www.chess.com"]

[Event "Titled Tuesday Blitz March 21 Late 2023"]
[White "ritanovikova"]
[Black "Jeet, Jain"]
[BlackFideId "5073022"]
[WhiteElo "2186"]
[BlackElo "2067"]
[Result "1-0"]
[Round "01"]
[TimeControl "180+2"]
[Date "2023.03.21"]
[WhiteClock "0:00:03"]
[BlackClock "0:00:02"]

1. e4 c6 2. d4 d5 3. Nd2 dxe4 4. Nxe4 Nf6 5. Nxf6+ gxf6 6. Nf3 Bg4 7. Be2 e6 8. h3 Bh5 9. Be3 Nd7 10. Qd2 Qc7 11. Bf4 Bd6 12. Bxd6 Qxd6 13. O-O-O O-O-O 14. Qa5 Bxf3 15. Bxf3 Kb8 16. Kb1 f5 17. Rd3 Qc7 18. Qd2 Nb6 19. b3 Nd5 20. g3 Rd7 21. c4 Nf6 22. Rd1 Rhd8 23. Qe3 Qb6 24. Kc2 Qa5 25. Kb2 Rd6 26. g4 fxg4 27. hxg4 Qc7 28. g5 Ng8 29. Be4 f5 30. Bf3 Qg7 31. Kc2 Ne7 32. Be2 a6 33. f4 Ng6 34. Bh5 Qe7 35. Bxg6 hxg6 36. Qe5 Ka8 37. d5 cxd5 38. cxd5 Qc7+ 39. Kb2 Qc5 40. dxe6 Qf2+ 41. R1d2 Qxd2+ 42. Rxd2 Rxd2+ 43. Kc3 R8d3+ 44. Kc4 Rd8 45. a4 Rc2+ 46. Kb4 Re8 47. Qf6 Rc6 48. Qxg6 Rcxe6 49. Qxf5 Re4+ 50. Ka5 Re3 51. b4 Rb8 52. Kb6 Rc3 53. b5 Ra3 54. Kc5 Rxa4 55. Qd7 Ra5 56. Kc4 Rxb5 57. g6 Rb1 58. f5 Rc1+ 59. Kb3 Rh8 60. g7 Rg8 61. f6 1-0


[Site "https://www.chess.com"]

[Event "Titled Tuesday Blitz March 21 Late 2023"]
[White "Rastbod, Ali"]
[Black "Torres Dominguez, David"]
[WhiteFideId "12567477"]
[BlackFideId "2220857"]
[WhiteElo "2211"]
[BlackElo "1999"]
[Result "1-0"]
[Round "01"]
[TimeControl "180+2"]
[Date "2023.03.21"]
[WhiteClock "0:01:51"]
[BlackClock "0:00:40"]

1. c4 e5 2. Nc3 Nc6 3. Nf3 f5 4. d4 e4 5. Ng1 Bb4 6. Bd2 Nxd4 7. Nxe4 Bxd2+ 8. Qxd2 fxe4 9. Qxd4 Nf6 10. g3 O-O 11. Bg2 Qe7 12. Nh3 Qb4+ 13. Qc3 Qxc3+ 14. bxc3 d6 15. Nf4 Re8 16. O-O-O b6 17. Nd5 Nxd5 18. cxd5 Bf5 19. Kd2 h6 20. Ke3 Re5 21. c4 Rae8 22. Rd4 a5 23. a3 Bh7 24. Rc1 Rf8 25. Bh3 Bf5 26. Bxf5 Rfxf5 27. Rf1 g5 28. Rxe4 Rxe4+ 29. Kxe4 Re5+ 30. Kd3 Kg7 31. e4 Re8 32. f4 Kg6 33. Kd4 Rf8 34. h3 h5 35. h4 gxh4 36. gxh4 Kf6 37. e5+ Ke7 38. e6 Rg8 39. Ke4 Rg4 40. Kf5 Rxh4 41. Rg1 Rh3 42. Rg7+ Kf8 43. Rxc7 Rxa3 44. Kf6 Re3 1-0


[Site "https://www.chess.com"]

[Event "Titled Tuesday Blitz March 21 Late 2023"]
[White "Jimenez Fernandez, Rebeca"]
[Black "Papp, Levente"]
[WhiteFideId "32070934"]
[BlackFideId "751243"]
[WhiteElo "2008"]
[BlackElo "2380"]
[Result "0-1"]
[Round "01"]
[TimeControl "180+2"]
[Date "2023.03.21"]
[WhiteClock "0:00:05"]
[BlackClock "0:00:57"]

1. e4 e6 2. d3 d5 3. Nd2 Nf6 4. Ngf3 Bc5 5. e5 Nfd7 6. d4 Bb6 7. c3 c5 8. Bd3 Nc6 9. O-O cxd4 10. cxd4 Nxd4 11. Nxd4 Bxd4 12. Nf3 Bxe5 13. Nxe5 Nxe5 14. Bc2 Ng6 15. f4 O-O 16. f5 exf5 17. Bxf5 Qb6+ 18. Kh1 Bxf5 19. Rxf5 d4 20. b3 Qe6 21. Rf1 Rad8 22. Bb2 Rfe8 23. Qf3 Qd5 24. Qxd5 Rxd5 25. Rad1 d3 26. Rd2 Re2 27. Rfd1 Nf4 28. g3 Nh3 29. Rxe2 dxe2 30. Re1 Rd2 31. Bc3 Rxa2 32. Kg2 Ng5 0-1


[Site "https://www.chess.com"]

[Event "Titled Tuesday Blitz March 21 Late 2023"]
[White "Riff, Vincent"]
[Black "Hartikainen, Jarmo"]
[WhiteFideId "617776"]
[BlackFideId "503134"]
[WhiteElo "2369"]
[BlackElo "2177"]
[Result "1-0"]
[Round "01"]
[TimeControl "180+2"]
[Date "2023.03.21"]
[WhiteClock "0:01:15"]
[BlackClock "0:00:17"]

1. e4 c5 2. Nc3 Nc6 3. Bb5 g6 4. Bxc6 dxc6 5. d3 Bg7 6. f4 Nf6 7. Nf3 Bg4 8. O-O Qd7 9. Qe1 Bxf3 10. Rxf3 h5 11. f5 Ng4 12. Ne2 O-O-O 13. Bf4 Ne5 14. Rf1 f6 15. Bxe5 fxe5 16. fxg6 Bf6 17. Ng3 Rdg8 18. Qa5 b6 19. Qa6+ Qb7 20. Qxb7+ Kxb7 21. Rf5 h4 22. Ne2 Rxg6 23. Raf1 Rhg8 24. R1f2 Bg5 25. R5f3 Rf6 26. Rxf6 exf6 27. Kf1 a5 28. Ng1 b5 29. Nf3 Bf4 30. Nxh4 Bxh2 31. Rxf6 a4 32. Nf5 b4 33. Nd6+ Kb6 34. Nc4+ Kb5 35. Rf7 Rb8 36. b3 Bf4 37. Kf2 axb3 38. axb3 1-0


[Site "https://www.chess.com"]

[Event "Titled Tuesday Blitz March 21 Late 2023"]
[White "Rose, Felix"]
[Black "Drori, Saar"]
[WhiteFideId "5105722"]
[BlackFideId "2812444"]
[WhiteElo "2039"]
[BlackElo "2322"]
[Result "1/2-1/2"]
[Round "01"]
[TimeControl "180+2"]
[Date "2023.03.21"]
[WhiteClock "0:00:25"]
[BlackClock "0:00:03"]

1. e4 c5 2. Nf3 d6 3. d4 cxd4 4. Nxd4 Nf6 5. Nc3 a6 6. Be3 e6 7. f3 b5 8. a4 b4 9. Na2 d5 10. e5 Nfd7 11. f4 Bc5 12. Qd2 Qb6 13. a5 Qxa5 14. Nb3 Bxe3 15. Qxe3 Qa4 16. Qd2 O-O 17. Nxb4 Qxa1+ 18. Nxa1 a5 19. Nd3 Nc6 20. Be2 Ba6 21. O-O Nd4 22. Nb3 Nxb3 23. cxb3 Rfb8 24. Nc1 Nc5 25. Bxa6 Rxa6 26. Rf3 g6 27. Rc3 Ne4 28. Qd3 Rab6 29. Rc7 a4 30. h4 h5 31. Qc2 axb3 32. Rc8+ Rxc8 33. Qxc8+ Kg7 34. Qd8 Rb4 35. Kh2 Nf2 36. Qf6+ Kg8 37. Qe7 Rxf4 38. Nxb3 Ng4+ 39. Kg3 Re4 40. Nc5 Re3+ 41. Kf4 Rxe5 42. Qe8+ Kg7 43. Nd7 Rf5+ 44. Kg3 d4 45. Qf8+ Kh7 46. Qd6 Rd5 47. Qe7 Nh6 48. Nf6+ Kg7 49. Ne8+ Kh7 50. Qf8 Nf5+ 51. Kf2 g5 52. Nf6+ Kg6 53. Nxd5 exd5 54. Qd8 Nxh4 55. Qxd5 Nf5 56. b4 g4 57. b5 g3+ 58. Kf3 h4 59. b6 h3 60. gxh3 g2 61. Qc6+ Kg5 62. Kxg2 d3 63. Kf3 Nd4+ 64. Ke3 Nxc6 65. Kxd3 f5 66. Kc4 Kh4 67. Kd5 Nb8 68. Ke5 Kg5 69. h4+ Kg4 70. h5 f4 71. h6 f3 72. h7 Nd7+ 73. Kd6 f2 74. h8=Q f1=Q 75. Qg7+ Kh5 76. Qxd7 Qd3+ 77. Kc7 Qe4 78. Qc6 Qe7+ 79. Kc8 Qf8+ 80. Kb7 Qe7+ 81. Qc7 Qe4+ 82. Kb8 Qe8+ 83. Qc8 Qe5+ 84. Ka8 Qa5+ 85. Kb7 Qd5+ 86. Qc6 Qf7+ 87. Ka6 Qa2+ 88. Kb7 Qf7+ 89. Ka8 Qa2+ 90. Kb8 Qg8+ 91. Qc8 Qg3+ 92. Qc7 Qg8+ 93. Kb7 Qd5+ 94. Ka7 Qa2+ 95. Kb8 Qg8+ 96. Qc8 Qg3+ 97. Ka8 Qa3+ 98. Kb7 Qf3+ 99. Qc6 Qf7+ 1/2-1/2


[Site "https://www.chess.com"]

[Event "Titled Tuesday Blitz March 21 Late 2023"]
[White "MKlose11"]
[Black "lluiss"]
[WhiteElo "2576"]
[BlackElo "2170"]
[Result "1-0"]
[Round "01"]
[TimeControl "180+2"]
[Date "2023.03.21"]
[WhiteClock "0:00:19"]
[BlackClock "0:00:03"]

1. e4 c5 2. Nc3 d6 3. g3 Nc6 4. Bg2 g6 5. d3 Bg7 6. Be3 Rb8 7. Qd2 b5 8. Nge2 b4 9. Nd1 Qb6 10. O-O h5 11. h3 e6 12. f4 Nge7 13. a3 a5 14. axb4 axb4 15. c3 Ba6 16. c4 Bb7 17. Nf2 f5 18. g4 hxg4 19. hxg4 Kf7 20. Nh3 Rxh3 21. Bxh3 fxe4 22. dxe4 Nd4 23. Bxd4 cxd4 24. Qd3 Rh8 25. Bg2 Rh4 26. Bf3 Ng8 27. Kg2 Nf6 28. Rh1 Rxg4+ 29. Kf2 e5 30. Rag1 Rxg1 31. Rxg1 Bc8 32. Ke1 Qc5 33. b3 Qa5 34. Kf2 Bb7 35. Rd1 Nd7 36. f5 g5 37. Bh5+ Kg8 38. Qh3 Nc5 39. Bg6 Nxe4+ 40. Kf1 Kf8 41. f6 Nxf6 42. Qe6 Qc7 43. Kg1 Bc8 44. Qf7+ Qxf7 45. Bxf7 Kxf7 46. Ra1 Be6 47. Ra7+ Kg6 48. Ra6 Ne4 49. Kg2 Bf6 50. Kf3 Nc3 51. Rxd6 Nxe2 52. Kxe2 Kf5 53. c5 e4 54. c6 d3+ 55. Ke3 Be5 56. Rd8 Bf4+ 57. Kf2 d2 58. Ke2 e3 59. Rf8+ Kg4 60. c7 1-0


[Site "https://www.chess.com"]

[Event "Titled Tuesday Blitz March 21 Late 2023"]
[White "Vadim_Galchenko"]
[Black "Al Hosani, Omran"]
[BlackFideId "9308733"]
[WhiteElo "2158"]
[BlackElo "2177"]
[Result "0-1"]
[Round "01"]
[TimeControl "180+2"]
[Date "2023.03.21"]
[WhiteClock "0:00:09"]
[BlackClock "0:00:04"]

1. e4 e5 2. Nc3 Nf6 3. Bc4 Be7 4. d3 d6 5. f4 exf4 6. Bxf4 Nc6 7. Nf3 Bg4 8. O-O Bxf3 9. Qxf3 Qd7 10. Rae1 Nd4 11. Qf2 Ne6 12. Be3 O-O 13. h3 c6 14. Bb3 b5 15. Ne2 a5 16. a3 d5 17. e5 Ne8 18. d4 a4 19. Ba2 b4 20. axb4 Bxb4 21. c3 Be7 22. Nc1 a3 23. b4 g6 24. Nd3 N8g7 25. g4 Ng5 26. Qg2 N7e6 27. Nf2 Ng7 28. h4 N5e6 29. Qg3 h5 30. Bh6 Kh7 31. Bd2 hxg4 32. Qxg4 Nh5 33. Kg2 Ra7 34. Nh3 Neg7 35. Qxd7 Rxd7 36. Bg5 Ne6 37. Rf3 Bxg5 38. hxg5 Kg7 39. Ref1 Rg8 40. Kf2 Rf8 41. Ke3 Rg8 42. Rg1 Rh8 43. Nf2 Kg8 44. Nd3 Nhg7 45. Nf2 Nf5+ 46. Kd2 Rh5 47. Ng4 Kg7 48. Nf6 Rh2+ 49. Kd3 Rd8 50. Bb3 Rdh8 51. Ra1 R8h3 52. Rxh3 Rxh3+ 53. Kc2 Nxg5 54. Rxa3 Ne4 55. Ra8 Rxc3+ 56. Kb2 Rd3 57. Ba4 Nxd4 58. Rc8 Rd2+ 59. Ka3 Nc3 60. Bxc6 Ra2# 0-1


[Site "https://www.chess.com"]

[Event "Titled Tuesday Blitz March 21 Late 2023"]
[White "Medina Paz, Miguel"]
[Black "Cueto, Jonny"]
[WhiteFideId "7300379"]
[BlackFideId "3300145"]
[WhiteElo "2428"]
[BlackElo "2234"]
[Result "1-0"]
[Round "01"]
[TimeControl "180+2"]
[Date "2023.03.21"]
[WhiteClock "0:00:41"]
[BlackClock "0:00:05"]

1. e4 e6 2. d4 d5 3. Nd2 Nc6 4. exd5 exd5 5. c3 Bd6 6. Bd3 Nge7 7. Ne2 Be6 8. O-O Qd7 9. Nf3 h6 10. Bf4 O-O-O 11. b4 Ng6 12. Bxd6 Qxd6 13. Bxg6 fxg6 14. b5 Ne7 15. Ne5 Rhf8 16. a4 g5 17. Qd2 Bf5 18. a5 Ng6 19. f4 gxf4 20. Nxg6 Qxg6 21. Nxf4 Qg5 22. Rf2 Be4 23. Ne6 Rxf2 24. Qxf2 Qg6 25. Nxd8 Kxd8 26. Rf1 Ke7 27. Qf8+ Ke6 28. Qc8+ Kd6 29. Qf8+ Ke6 30. Rf2 b6 31. axb6 axb6 32. h3 h5 33. Qg8+ Ke7 34. Qc8 Kd6 35. Qa8 Qg3 36. Qc6+ Ke7 37. Qa8 Qxc3 38. Qf8+ Ke6 39. Qxg7 Qc1+ 40. Kh2 Qg5 41. Qf7+ Kd6 42. Rf6+ 1-0


[Site "https://www.chess.com"]

[Event "Titled Tuesday Blitz March 21 Late 2023"]
[White "Castellanos Hernandez, Emilio Au"]
[Black "Godzwon, Iwo"]
[WhiteFideId "5114179"]
[BlackFideId "21802483"]
[WhiteElo "2037"]
[BlackElo "2284"]
[Result "1/2-1/2"]
[Round "01"]
[TimeControl "180+2"]
[Date "2023.03.21"]
[WhiteClock "0:00:31"]
[BlackClock "0:00:04"]

1. e4 c5 2. Nf3 d6 3. Bc4 Nc6 4. a3 Nf6 5. d3 Bg4 6. h3 Bh5 7. g4 Bg6 8. Nc3 e6 9. Bf4 Be7 10. O-O d5 11. exd5 exd5 12. Bb5 O-O 13. Re1 Bd6 14. Bxd6 Qxd6 15. Qd2 Rfe8 16. Rxe8+ Rxe8 17. Re1 Re6 18. Bxc6 Qxc6 19. d4 c4 20. Ne5 Qd6 21. Nxg6 hxg6 22. Rxe6 Qxe6 23. Kg2 Ne4 24. Nxe4 Qxe4+ 25. f3 Qe6 26. Kf2 Qd6 27. Kg2 Qb6 28. c3 f6 29. Qe2 Kf7 30. f4 Qd6 31. Kf3 a5 32. Qe3 Qb6 33. Qe2 Qb3 34. f5 gxf5 35. gxf5 Kf8 36. Kg4 Qb6 37. Kh5 Kf7 38. h4 Qd6 39. Kg4 Qd7 40. Kg3 Kf8 41. Qe3 Qxf5 42. Qe2 Kf7 43. Kh2 Qf4+ 44. Kh3 g6 45. Qd1 Qe3+ 46. Kg2 Qe4+ 47. Kg3 f5 48. Qa4 f4+ 49. Kh2 Qe2+ 50. Kh1 Qe1+ 51. Kg2 Qg3+ 52. Kf1 Qh3+ 53. Ke2 Qxh4 54. Qb5 Qh2+ 55. Ke1 Qg3+ 56. Kd1 Qf3+ 57. Kd2 Qe3+ 58. Kd1 Qf3+ 59. Kd2 Kf6 60. Qxb7 Qe3+ 61. Kd1 f3 62. Qc6+ Kg5 63. Qxd5+ Kg4 64. Qd7+ Kg3 65. Qd6+ Kh3 66. Qd7+ Kg2 67. Qg4+ Kf1 68. Qh3+ Kg1 69. Qg3+ Kf1 70. Qh3+ Kf2 71. Qh2+ Kf1 72. Qh1+ Kf2 73. Qh2+ Kf1 74. Qh1+ Kf2 75. Qh4+ Kg2 76. Qg4+ Kh2 77. Qh4+ Kg2 78. Qg4+ 1/2-1/2


[Site "https://www.chess.com"]

[Event "Titled Tuesday Blitz March 21 Late 2023"]
[White "Domingo Nunez, Alejandro"]
[Black "Bongo Akanga Ndjila, Barthelemy"]
[WhiteFideId "22245561"]
[BlackFideId "10609431"]
[WhiteElo "2230"]
[BlackElo "1768"]
[Result "1-0"]
[Round "01"]
[TimeControl "180+2"]
[Date "2023.03.21"]
[WhiteClock "0:00:10"]
[BlackClock "0:00:33"]

1. Nf3 d5 2. g3 c5 3. Bg2 Nc6 4. d4 Nf6 5. O-O Bg4 6. Ne5 Bf5 7. Nxc6 bxc6 8. dxc5 e6 9. c4 Bxc5 10. cxd5 cxd5 11. Nc3 O-O 12. Bg5 h6 13. Bf4 Bd6 14. Bxd6 Qxd6 15. e4 Bg4 16. Qd2 Rad8 17. exd5 exd5 18. Qd4 a5 19. h3 Bh5 20. g4 Bg6 21. Rfd1 Rfe8 22. Nxd5 Nxd5 23. Qxd5 Re1+ 24. Rxe1 Qxd5 25. Bxd5 Rxd5 26. Rad1 Rb5 27. Rd2 a4 28. Re8+ Kh7 29. Ra8 Rb4 30. f3 h5 31. Kf2 hxg4 32. hxg4 f5 33. Kg3 fxg4 34. fxg4 Be4 35. Ra6 Rc4 36. Kh4 Bc6 37. Rd6 Be8 38. Rd5 Bg6 39. Rg5 Bb1 40. Ra7 Bxa2 41. Rgxg7+ Kh8 42. Rgc7 Rf4 43. Rc8+ Bg8 44. Raa8 Kg7 45. Rxg8+ Kf6 46. Rgf8+ Ke5 47. Ra5+ Ke4 48. Rxa4+ Kf3 49. Rfxf4+ 1-0


[Site "https://www.chess.com"]

[Event "Titled Tuesday Blitz March 21 Late 2023"]
[White "ilya2700"]
[Black "Koellner, Ruben Gideon"]
[BlackFideId "12993093"]
[WhiteElo "2128"]
[BlackElo "2303"]
[Result "0-1"]
[Round "01"]
[TimeControl "180+2"]
[Date "2023.03.21"]
[WhiteClock "0:00:46"]
[BlackClock "0:01:53"]

1. e4 d6 2. d4 Nf6 3. Nc3 e5 4. Nf3 Nbd7 5. Bc4 Be7 6. dxe5 Nxe5 7. Nxe5 dxe5 8. Qxd8+ Bxd8 9. f3 c6 10. Be3 b5 11. Bb3 Bb6 12. Bxb6 axb6 13. Kf2 Ke7 14. Rhd1 Nd7 15. g3 Nc5 16. f4 f6 17. Ke3 Bg4 18. Rd2 Rhd8 19. Rxd8 Rxd8 20. a4 b4 21. Na2 Nxb3 22. cxb3 c5 23. h3 Bxh3 24. Rh1 Be6 25. Rxh7 Kf7 26. Nc1 Rd1 27. Nd3 exf4+ 28. Nxf4 Bxb3 29. Nh5 Kg6 30. Rxg7+ Kxh5 31. Rb7 Rd6 32. Kf4 Kg6 33. Ra7 Bd1 34. g4 Bc2 35. Ra6 Re6 36. Kg3 Rxe4 37. Rxb6 Bxa4 0-1


[Site "https://www.chess.com"]

[Event "Titled Tuesday Blitz March 21 Late 2023"]
[White "Defend1r"]
[Black "Winkels, Marcel"]
[BlackFideId "1003887"]
[WhiteElo "2561"]
[BlackElo "1900"]
[Result "1-0"]
[Round "01"]
[TimeControl "180+2"]
[Date "2023.03.21"]
[WhiteClock "0:01:20"]
[BlackClock "0:00:09"]

1. e4 c5 2. Nf3 d6 3. c3 Bg4 4. Be2 Nf6 5. h3 Bh5 6. e5 dxe5 7. Nxe5 Bxe2 8. Qxe2 Nbd7 9. Nf3 a6 10. O-O e6 11. d4 Be7 12. Bf4 O-O 13. Bg3 Rc8 14. Nbd2 cxd4 15. Nxd4 Nc5 16. N2f3 Re8 17. Rad1 Nfd7 18. Rd2 Bf6 19. Rfd1 Qe7 20. Nh2 Nb8 21. Ng4 Nc6 22. Nxc6 Rxc6 23. Bd6 Rxd6 24. Nxf6+ Qxf6 25. Rxd6 Qg6 26. Rd8 f6 27. Qc4 b6 28. b4 Ne4 29. Qxe6+ Qf7 30. Rxe8# 1-0


[Site "https://www.chess.com"]

[Event "Titled Tuesday Blitz March 21 Late 2023"]
[White "Marcolino, Daniel Mattos"]
[Black "Danielyan, Vahe"]
[WhiteFideId "2106841"]
[BlackFideId "13304828"]
[WhiteElo "2115"]
[BlackElo "2423"]
[Result "0-1"]
[Round "01"]
[TimeControl "180+2"]
[Date "2023.03.21"]
[WhiteClock "0:00:17"]
[BlackClock "0:02:48"]

1. d4 d5 2. Nf3 Bg4 3. Ne5 Bf5 4. g3 Nd7 5. Nxd7 Qxd7 6. Bg2 O-O-O 7. O-O h5 8. f3 Bh3 9. Qe1 Bxg2 10. Kxg2 h4 11. Bf4 h3+ 12. Kg1 e6 13. c3 Ne7 14. Nd2 Ng6 15. Be3 Bd6 16. Bf2 e5 17. e4 exd4 18. cxd4 Rhe8 19. a4 Bb4 20. Qd1 Bxd2 21. Qxd2 dxe4 22. fxe4 Rxe4 23. a5 Qd5 24. Be3 Rxe3 25. Qxe3 Qg2# 0-1


[Site "https://www.chess.com"]

[Event "Titled Tuesday Blitz March 21 Late 2023"]
[White "Ezat, Mohamed"]
[Black "Ricaurte Lopez, Juan Carlos"]
[WhiteFideId "10600906"]
[BlackFideId "3600327"]
[WhiteElo "2386"]
[BlackElo "2209"]
[Result "1-0"]
[Round "01"]
[TimeControl "180+2"]
[Date "2023.03.21"]
[WhiteClock "0:01:07"]
[BlackClock "0:00:01"]

1. d4 d5 2. c4 e6 3. Nc3 c5 4. cxd5 cxd4 5. Qxd4 Nc6 6. Qd1 exd5 7. Qxd5 Bd7 8. e3 Nf6 9. Qd1 Bc5 10. Be2 Qe7 11. Nf3 O-O-O 12. O-O g5 13. Nd4 g4 14. b4 Bxb4 15. Qb3 Nxd4 16. exd4 Bc6 17. Bb5 Bxc3 18. Qxc3 Nd5 19. Qc2 Qc7 20. Bxc6 Qxc6 21. Qe4 Kb8 22. Bg5 Rhe8 23. Qxg4 Rc8 24. Rac1 Qd6 25. Rxc8+ Rxc8 26. g3 Qc6 27. Qf5 Nc3 28. Re1 Ka8 29. d5 1-0


[Site "https://www.chess.com"]

[Event "Titled Tuesday Blitz March 21 Late 2023"]
[White "Bullen, Alex"]
[Black "TimGrutter03"]
[WhiteFideId "1801627"]
[WhiteElo "2088"]
[BlackElo "2553"]
[Result "0-1"]
[Round "01"]
[TimeControl "180+2"]
[Date "2023.03.21"]
[WhiteClock "0:00:02"]
[BlackClock "0:00:54"]

1. d4 Nf6 2. Nf3 g6 3. Nbd2 d5 4. b4 Bg7 5. e3 O-O 6. c4 dxc4 7. Bxc4 Nbd7 8. O-O Nb6 9. Be2 Nbd5 10. Qb3 c6 11. a4 Bf5 12. Bb2 h6 13. Rac1 g5 14. Ne5 Ne4 15. Nxe4 Bxe4 16. f3 Bh7 17. Bc4 e6 18. Bd3 Bxd3 19. Qxd3 Nxb4 20. Qe2 Bxe5 21. dxe5 Qd3 22. Qf2 Qb3 23. Rc3 Qxa4 24. f4 Nd5 25. Ra3 Qe4 26. fxg5 hxg5 27. Qg3 Qg6 28. e4 Nf4 29. Kh1 Rfd8 30. Bc1 Ne2 31. Qh3 Nxc1 32. Rxc1 Rd2 33. Rf3 Rad8 34. Rcf1 Rd1 35. g3 Qxe4 36. Qg2 Rxf1+ 37. Qxf1 g4 38. h4 Qxf3+ 0-1


[Site "https://www.chess.com"]

[Event "Titled Tuesday Blitz March 21 Late 2023"]
[White "Molenda, Marcin"]
[Black "Michalski, Olaf"]
[WhiteFideId "1173065"]
[BlackFideId "1106740"]
[WhiteElo "2286"]
[BlackElo "2173"]
[Result "0-1"]
[Round "01"]
[TimeControl "180+2"]
[Date "2023.03.21"]
[WhiteClock "0:00:12"]
[BlackClock "0:00:12"]

1. c4 Nf6 2. g3 g6 3. Bg2 d5 4. cxd5 Nxd5 5. Nf3 Bg7 6. O-O O-O 7. d4 Nb6 8. Nc3 Nc6 9. e3 e5 10. d5 Ne7 11. e4 h6 12. a4 Bg4 13. a5 Nc4 14. Qd3 Nd6 15. a6 b6 16. Be3 f5 17. h3 fxe4 18. Nxe4 Bxf3 19. Nxd6 cxd6 20. Rac1 Rc8 21. Bxb6 Qxb6 22. Bxf3 Nf5 23. Rc6 Rxc6 24. dxc6 Nd4 25. Bd5+ Kh7 26. Qc4 Qc5 27. Qxc5 dxc5 28. Kg2 Rc8 29. Rc1 Bf8 30. Re1 Bd6 31. Rd1 Nxc6 32. h4 Nd4 33. Be4 Kg7 34. Rd3 Kf6 35. Bb7 Rc7 36. g4 c4 37. Re3 g5 38. h5 Ne6 39. Kf3 Bc5 40. Re4 Bd4 41. Re2 Nc5 42. Rc2 Nd3 43. Ke4 Nxf2+ 44. Kd5 Nxg4 45. Kd6 Rc5 46. Rc1 c3 47. Rf1+ Nf2 48. bxc3 Rxc3 49. Rb1 g4 50. Bd5 g3 51. Rb7 Kg5 52. Rg7+ Kh4 53. Be6 Ne4+ 54. Kd5 Ng5 0-1


[Site "https://www.chess.com"]

[Event "Titled Tuesday Blitz March 21 Late 2023"]
[White "Manu_ChessExcelsior"]
[Black "The_Sherman_Variation"]
[WhiteElo "2044"]
[BlackElo "2547"]
[Result "0-1"]
[Round "01"]
[TimeControl "180+2"]
[Date "2023.03.21"]
[WhiteClock "0:00:07"]
[BlackClock "0:01:25"]

1. e4 g6 2. d4 b6 3. Nc3 Bg7 4. Nf3 Bb7 5. Bd3 d6 6. O-O Nd7 7. Re1 Ngf6 8. h3 O-O 9. Be3 e5 10. Qd2 Nh5 11. g3 f5 12. Bg5 Qe8 13. exf5 Bxf3 14. g4 Nf4 15. Bxf4 gxf5 16. Bxf5 Rxf5 17. gxf5 Qh5 18. Kh2 Bg4 19. Qd3 exf4 20. Rg1 Bxf5 21. Qc4+ Kh8 22. Qf1 Bxd4 23. Nd5 f3 24. Nf4 Be5 25. Qc4 Qxh3# 0-1


[Site "https://www.chess.com"]

[Event "Titled Tuesday Blitz March 21 Late 2023"]
[White "Mendez Fortes, Eduardo Jesus"]
[Black "Maranhao,Jose Renato Ruiz"]
[WhiteFideId "3502376"]
[BlackFideId "2135175"]
[WhiteElo "2307"]
[BlackElo "1970"]
[Result "1-0"]
[Round "01"]
[TimeControl "180+2"]
[Date "2023.03.21"]
[WhiteClock "0:02:22"]
[BlackClock "0:00:03"]

1. e4 g6 2. d4 Bg7 3. Nc3 b6 4. f4 Bb7 5. Nf3 e6 6. Bd3 d6 7. Qe2 Ne7 8. h4 h5 9. Be3 Nbc6 10. e5 Qd7 11. Ng5 Nf5 12. Bxf5 exf5 13. d5 Nb4 14. e6 fxe6 15. dxe6 Qc6 16. O-O-O Bxc3 17. bxc3 Nxa2+ 18. Kb2 Nxc3 19. Qd3 Nxd1+ 20. Rxd1 O-O 21. Bd4 a6 22. Kb1 Qb5+ 23. Qxb5 axb5 24. Re1 Bxg2 25. e7 Rfe8 26. Re6 Ra4 27. Rxg6# 1-0


[Site "https://www.chess.com"]